 Dungeon Crawl Stone Soup version 0.27-a0-1381-g81fdcbfb23 (webtiles) character file.

Game seed: 12495041607588656332

2368 Kinoniko the Cleaver (level 9, -5/87 HPs)
             Began as an Octopode Berserker on June 30, 2021.
             Was an Elder of Trog.
             Slain by an orc warrior (17 damage)
             ... on level 6 of the Dungeon.
             The game lasted 00:08:02 (7817 turns).

Kinoniko the Cleaver (Octopode Berserker)           Turns: 7817, Time: 00:08:03

Health: -5/87      AC:  1    Str: 20    XL:     9   Next: 44%
Magic:  9/9        EV: 14    Int:  9    God:    Trog [****..]
Gold:   199        SH:  0    Dex: 17    Spells: 8/8 levels left

rFire    . . .     SeeInvis .   i - +3 executioner's axe (drain)
rCold    . . .     Faith    .   (shield currently unavailable)
rNeg     . . .     Spirit   .   (helmet restricted)
rPois    .         Reflect  .   o - amulet of magic regeneration
rElec    .         Harm     .   f - ring of flight
rCorr    .         Rampage  .   n - ring of the Dolphin {*Corrode Fly Will+ Dex+6}
Will     +....                  (no ring)
Stlth    ..........             (no ring)
HPRegen  0.24/turn              (no ring)
MPRegen  0.36/turn              (no ring)
                                (no ring)
                                (no ring)

@: berserking (expiring), flying, very quick
A: almost no armour, amphibious, 8 rings, camouflage 1, gelatinous body 1,
(nimble swimmer 1), tentacles
a: Renounce Religion, Berserk, Trog's Hand, Brothers in Arms


You were on level 6 of the Dungeon.
You worshipped Trog.
Trog was greatly pleased with you.
You visited 1 branch of the dungeon, and saw 7 of its levels.
You also visited: Ossuary.

You collected 199 gold pieces.

Inventory:

Hand Weapons
 h - a +1 war axe
 i - a +3 executioner's axe of draining (weapon)
Missiles
 a - 4 boomerangs of dispersal
 p - 6 curare-tipped darts
Jewellery
 f - a ring of flight (left tentacle)
 n - the ring of the Dolphin (right tentacle) {*Corrode Fly Will+ Dex+6}
   (You found it on level 5 of the Dungeon)

   [ring of dexterity]

   Dex:       It affects your dexterity (+6).
   Fly:       It grants you flight.
   *Corrode:  It may corrode you when you take damage.
   Will:      It increases your willpower.
 o - an amulet of magic regeneration (around mantle)
Scrolls
 d - a scroll of fog
 e - 2 scrolls of enchant armour
 g - a scroll of teleportation
 k - 3 scrolls of fear
 q - a scroll of magic mapping
Potions
 b - 5 potions of haste {unknown}
 c - 5 potions of curing {unknown}
 j - a potion of berserk rage {unknown}
 l - a potion of brilliance {unknown}
 m - 2 potions of might {unknown}
 r - 2 potions of ambrosia {unknown}
 s - a potion of cancellation {unknown}


   Skills:
 + Level 3.8 Fighting
 * Level 12.0 Axes
 + Level 3.8 Dodging


You had 8 spell levels left.
You didn't know any spells.
Your spell library was empty.

Dungeon Overview and Level Annotations

Branches:
Dungeon (7/15)             Temple (0/1) D:4         Ossuary (visited)

Altars:
Cheibriados

Shops:
D:4 (   D:7 [


Innate Abilities, Weirdness & Mutations

You cannot wear most types of armour.
You are amphibious.
You can wear up to eight rings at the same time.
Your skin changes colour to match your surroundings (Stealth+).
Your rubbery body absorbs attacks. (AC +1, EV +1)
((You are camouflaged near water. (Stealth+)))
You have tentacles for arms and can constrict up to eight enemies at once.


Message History

An orc wizard comes into view. It is wielding a +0 dagger.
You barely miss the sky beast. Your squeeze misses the sky beast.
The sky beast is heavily wounded.
The sky beast hits you. The sky beast shocks you.
An orc comes into view. It is wielding a +0 hand axe.
The orc wizard mumbles some strange words.
The orc wizard flickers and vanishes!
Deactivating autopickup; reactivate with Ctrl-A.
A red film seems to cover your vision as you go berserk!
You feel yourself moving faster!
You feel mighty! The sky beast hits you. The sky beast shocks you.
The orc warrior barely misses you.
An orc priest comes into view. It is wielding a +0 flail.
You miss the sky beast.
The orc priest shouts!
Your squeeze misses the sky beast.
The sky beast is heavily wounded.
You closely miss the orc warrior. The sky beast hits you.
The sky beast shocks you.
The orc warrior hits you with a +0 dire flail!
The orc priest calls down the wrath of Beogh upon you.
Beogh smites you!
* * * LOW HITPOINT WARNING * * *
You are too injured to fight recklessly!
Unknown command.
You are too injured to fight recklessly!
You are too injured to fight recklessly!
Unknown command.
The sky beast flickers out of sight!
Something hits you.
* * * LOW HITPOINT WARNING * * *
Something shocks you.
* * * LOW HITPOINT WARNING * * *
The orc warrior misses you.
You fly upwards.
Reactivating autopickup.
You feel a strong urge to attack something.
There is a stone staircase leading down here.
You closely miss the orc warrior. Your grab misses the orc warrior.
You closely miss something. Something barely misses you.
The orc warrior hits you with a +0 dire flail!
You die...

####################
#..................#####
#.##.##.#########......#
##.##.##.# #..###.#
#.....##.# #..###.#
#..#####.# #....#.#
#........###### #.##.#.#
#.#####.......# #.##.#.#
#.# #....@..# #......#
#####.### #...{o..#
####.### #.......#
#.......# ##.# #.##.##.#
#.......#### #..#
#.##.##.# #..........#
#.##
#.##.##.###.......##.# #.#
#.##.##........##.##.###.#
#........###.............#
####^###.###.#.##.##.#####


You could see an orc warrior.

Vanquished Creatures
  Sigmund (D:6)
  Edmund (D:4)
  A sky beast (D:6)
  An orc warrior (D:6)
  A black bear (D:5)
  A necrophage (D:6)
  2 ogres
  4 centaurs
  A phantom (D:6)
  2 elf zombies (Ossuary)
  A gnoll sergeant (D:6)
  3 scorpions
  A howler monkey (D:7)
  A centaur zombie (Ossuary)
  A lava snake (D:7)
  3 hounds
  A human zombie (Ossuary)
  4 orc priests
  A jelly (D:7)
  2 centaur skeletons
  An iguana (D:6)
  3 orc wizards
  2 hound zombies
  2 mummies (Ossuary)
  7 gnolls
  4 adders
  A white imp (D:6)
  2 adder zombies (Ossuary)
  A dart slug (D:4)
  14 orcs
  7 ball pythons
  4 endoplasms
  3 giant cockroaches
  4 hobgoblins (D:1)
  9 jackals
  A quokka (D:3)
  5 bats
  3 frilled lizards
  4 goblins
  A goblin zombie (D:5)
  11 hobgoblin zombies (Ossuary)
  3 jackal zombies (Ossuary)
  6 kobolds
  5 kobold zombies (Ossuary)
  11 orc zombies (Ossuary)
  A quokka zombie (D:5)
  8 rats
  A rat zombie (Ossuary)
157 creatures vanquished.

Vanquished Creatures (others)
  11 plants (D:2)
11 creatures vanquished.

Grand Total: 168 creatures vanquished

Notes
Turn   | Place    | Note
-------+----------+-------------------------------------------
     0 | D:1      | Kinoniko the Octopode Berserker began the quest for the
                  | Orb.
     0 | D:1      | Reached XP level 1. HP: 16/16 MP: 1/1
   178 | D:1      | Reached XP level 2. HP: 21/21 MP: 2/2
   635 | D:1      | Reached skill level 4 in Axes
   993 | D:1      | Reached XP level 3. HP: 18/26 MP: 3/3
  1227 | D:2      | Reached ** piety under Trog
  2432 | D:3      | Reached XP level 4. HP: 28/31 MP: 4/4
  2434 | D:3      | Reached skill level 5 in Axes
  2769 | D:3      | Reached XP level 5. HP: 15/36 MP: 5/5
  3361 | D:4      | Found a staircase to the Ecumenical Temple.
  3433 | D:4      | Found a snail-covered altar of Cheibriados.
  3490 | D:4      | Noticed Edmund
  3506 | D:4      | Killed Edmund
  3507 | D:4      | Reached skill level 6 in Axes
  3507 | D:4      | Reached XP level 6. HP: 20/42 MP: 6/6
  3779 | D:4      | Reached skill level 7 in Axes
  4080 | D:4      | Found Temapo Qaox's Weapon Boutique.
  4244 | D:5      | Entered Level 5 of the Dungeon
  4267 | D:5      | Found a sand-covered staircase.
  4288 | Ossuary  | Entered an ossuary
  4302 | Ossuary  | Reached *** piety under Trog
  4421 | Ossuary  | Reached XP level 7. HP: 46/46 MP: 7/7
  4430 | Ossuary  | Reached skill level 8 in Axes
  4704 | D:5      | Reached **** piety under Trog
  4931 | D:5      | Identified a scroll of acquirement
  4931 | D:5      | Acquired a +1 executioner's axe of draining
  4966 | D:5      | Reached skill level 9 in Axes
  5012 | D:5      | Reached XP level 8. HP: 35/52 MP: 8/8
  5236 | D:5      | Identified the ring of the Dolphin {*Corrode Fly Will+
                  | Dex+6}
  5566 | D:5      | Reached skill level 10 in Axes
  6539 | D:6      | Reached skill level 11 in Axes
  6729 | D:6      | Noticed Sigmund
  6738 | D:6      | Killed Sigmund
  6739 | D:6      | Reached XP level 9. HP: 56/56 MP: 9/9
  7555 | D:7      | Found Ykhlas's Antique Armour Shop.
  7567 | D:7      | Reached skill level 12 in Axes
  7817 | D:6      | Slain by an orc warrior

Illustrated notes

Levels and vault maps discovered:
D:1:      elethiomel_arrival_quiet, layout_basic
D:2:      layout_loops_cross, serial_bayou_pond_c
D:3:      layout_rooms
D:4:      layout_basic, kennysheep_little_box, temple_hall, serial_shops, shop,
          uniq_edmund
D:5:      layout_basic, enter_ossuary_4
D:6:      layout_loops_cross, hangedman_decor_riveting, moated_statue,
          uniq_sigmund
D:7:      minmay_slanted_spiral_squares, layout_cave_pools,
          ebering_ghost_inner_flame, abandoned_shop,
          nicolae_inconvenience_store, nicolae_stop_n_shop_1,
          kennysheep_generic_room_10, uniq_joseph

Skill      XL: |  1  2  3  4  5  6  7  8  9 |
---------------+----------------------------+-----
Axes           | 4 5 6 7 9 11 12 | 12.0
Fighting       | |  3.8
Dodging        | |  3.8

Action                   |  1- 3 |  4- 6 |  7- 9 || total
-------------------------+-------+-------+-------++-------
Melee: Hand axe          |    66 |       |       ||    66
       Constrict         |    22 |    21 |    22 ||    65
       Tentacles         |    11 |    16 |    26 ||    53
       War axe           |    13 |    88 |    53 ||   154
       Executioner's axe |       |       |    72 ||    72
Invok: Berserk           |     2 |     4 |     9 ||    15
  Use: Scroll            |     5 |     3 |     5 ||    13
 Stab: Sleeping          |    10 |     5 |     2 ||    17
Armor: Skin              |     5 |     5 |     4 ||    14
Dodge: Dodged            |    49 |    39 |    93 ||   181

Table legend: (Time is in decaauts)
 A = Elapsed time spent in this place.
 B = Non-inter-level travel time spent in this place.
 C = Inter-level travel time spent in this place.
 D = Time resting spent in this place.
 E = Time spent auto-exploring this place.
 F = Levels seen in this place.
 G = Mean time per level.
                   A        B        C        D        E       F      G
               +--------+--------+--------+--------+--------+-----+--------+
         Total |   7994 |   7810 |    184 |   2784 |   4062 |   8 |  999.2 |
       Dungeon |   7601 |   7417 |    184 |   2712 |   3894 |   7 | 1085.9 |
       Ossuary |    392 |    392 |      0 |     72 |    168 |   1 |  392.0 |
               +--------+--------+--------+--------+--------+-----+--------+

Top non-repeatable levels by time:
     D:6: 1777 daAuts
     D:5: 1430 daAuts
     D:4: 1171 daAuts
     D:3: 1164 daAuts
     D:1: 1150 daAuts
     D:2: 822 daAuts
 Ossuary: 392 daAuts
     D:7: 85 daAuts
